 Dungeon Crawl Stone Soup version 0.30-a0-726-gd89dcf765f (webtiles) character file.

Game seed: 16855015121902424906

168 garrulousMonolith the Covered (level 5, -1/33 HPs)
             Began as a Gargoyle Fighter on Jan 30, 2023.
             Killed by divine providence
             ... invoked by an orc priest
              (13 damage)
             ... on level 3 of the Dungeon.
             The game lasted 00:02:31 (2317 turns).

garrulousMonolith the Covered (Gargoyle Fighter)    Turns: 2317, Time: 00:02:31

Health: -1/33      AC: 14    Str: 20    XL:     5   Next: 49%
Magic:  5/5        EV:  9    Int: 10    God:
Gold:   103        SH:  4    Dex:  9    Spells: 4/4 levels left

rFire   . . .      SeeInvis .    a - +0 flail
rCold   . . .      Faith    .    c - +0 buckler
rNeg    + . .      Spirit   .    b - +0 scale mail
rPois   ∞          Reflect  .    (no helmet)
rElec   +          Harm     .    f - +0 cloak
rCorr   .          Rampage  .    (no gloves)
Will    .....                    l - +1 pair of boots Stlth
                                 (no amulet)
HPRegen 0.25/turn                (no ring)
MPRegen 0.09/turn                (no ring)

@: no status effects
A: sickness immunity, AC +4, negative energy resistance 1, electricity
resistance, torment resistance 1, petrification resistance
a: no special abilities


You were on level 3 of the Dungeon.
You visited 1 branch of the dungeon, and saw 3 of its levels.

You collected 103 gold pieces.

Inventory:

Hand Weapons
 a - a +0 flail (weapon)
 q - a +0 sling
Armour
 b - a +0 scale mail (worn)
 c - a +0 buckler (worn)
 f - a +0 cloak (worn)
 l - a +1 pair of boots (worn)
Magical Staves
 o - a staff of earth
Jewellery
 s - a +6 ring of strength
Scrolls
 d - a scroll of noise {unknown}
 e - a scroll of poison {unknown}
 g - 2 scrolls of enchant armour
 h - a scroll of teleportation {unknown}
 k - 2 scrolls of identify {unknown}
 m - 3 scrolls of amnesia {unknown}
 r - a scroll of vulnerability {unknown}
Potions
 i - 2 potions of heal wounds {unknown}
 j - a potion of invisibility {unknown}
 n - 2 potions of curing
 p - 2 potions of brilliance {unknown}


   Skills:
 + Level 3.9 Fighting
 * Level 3.5 Maces & Flails
 + Level 4.0 Armour
 + Level 1.4 Dodging
 + Level 4.0 Shields


You had 4 spell levels left.
You didn't know any spells.
Your spell library contained the following spells:

 Spells                   Type           Power      Damage    Failure   Level
 Slow                     Hex            0%         N/A       80%         1
 Confusing Touch          Hex            0%         N/A       99%         3
 Inner Flame              Hex/Fire       0%         N/A       99%         3
 Vampiric Draining        Necr           0%         2d6       99%         3
 Cause Fear               Hex            0%         N/A       100%        4
 Olgreb's Toxic Radiance  Pois           0%         N/A       100%        4
 Ozocubu's Refrigeration  Ice            0%         4d7       100%        7
 Discord                  Hex            0%         N/A       100%        8
 Ignition                 Fire           0%         3d3       100%        8


Dungeon Overview and Level Annotations

Branches:
Dungeon (3/15)

Altars:


Innate Abilities, Weirdness & Mutations

You are immune to sickness and miasma.
Your stone body is resilient. (AC +4)
You are immune to poison.
You resist negative energy. (rN+)
You are resistant to electric shocks. (rElec)
You are resistant to unholy torment.
You are immune to petrification.


Message History

The orc priest looks encouraged for a moment.
You are too injured to fight recklessly!
You are too injured to fight recklessly!
You are too injured to fight recklessly!
You are too injured to fight recklessly!
You are too injured to fight recklessly!
You are too injured to fight recklessly!
You are too injured to fight recklessly!
You are too injured to fight recklessly!
You are too injured to fight recklessly!
You are too injured to fight recklessly!
You are too injured to fight recklessly!
You are too injured to fight recklessly!
You are too injured to fight recklessly!
You are too injured to fight recklessly!
You are too injured to fight recklessly!
You are too injured to fight recklessly!
You closely miss the orc priest.
The orc priest is heavily wounded.
The orc hits you but does no damage. x2
The orc priest hits you but does no damage.
The orc hits you with a +0 short sword.
You closely miss the orc priest.
The orc priest is heavily wounded.
The orc barely misses you. The orc closely misses you.
The orc priest hits you but does no damage.
The orc hits you but does no damage.
You completely miss the orc priest.
The orc priest is heavily wounded.
The orc hits you but does no damage. The orc barely misses you.
You block the orc's attack. The orc priest closely misses you.
The orc priest hits you but does no damage.
The orc hits you with a +0 hand axe. The orc hits you but does no damage.
You block the orc's attack.
You barely miss the orc priest.
The orc priest is heavily wounded.
The orc hits you but does no damage. The orc closely misses you.
The orc priest invokes the aid of Beogh against you.
Beogh smites you!
You die...

~~~~......~~≈~~~
≈≈~≈~.....~≈≈≈≈≈
≈≈≈~~....~≈≈≈≈≈≈
######''######## .
#....#...... ...
#....#......
....#########....#######
#.....o....#......#.....
#.....o@...'......'.....
#.....oo)..#......#.....
....#########....#######
... #....#...... .
#....#......
############


You could see an orc priest and 3 orcs.

Vanquished Creatures
  4 gnolls (D:3)
  5 adders
  A worm (D:2)
  2 orcs (D:3)
  3 bats
  7 endoplasms
  A giant cockroach (D:2)
  20 goblins
  13 hobgoblins
  A quokka (D:2)
  4 ball pythons
  2 frilled lizards (D:1)
  4 kobolds
  3 rats
70 creatures vanquished.

Notes
Turn   | Place    | Note
-------+----------+-------------------------------------------
     0 | D:1      | garrulousMonolith the Gargoyle Fighter began the quest for
                  | the Orb.
     0 | D:1      | Reached XP level 1. HP: 14/14 MP: 1/1
   226 | D:1      | Reached XP level 2. HP: 18/19 MP: 2/2
   623 | D:1      | Found a faded altar of an unknown god.
  1142 | D:2      | Reached XP level 3. HP: 20/23 MP: 3/3
  1561 | D:3      | Reached skill level 1 in Dodging
  1565 | D:3      | Reached XP level 4. HP: 26/28 MP: 4/4
  2091 | D:3      | Reached XP level 5. HP: 8/33 MP: 5/5
  2317 | D:3      | Killed from afar by an orc priest

Illustrated notes

Levels and vault maps discovered:
D:1:      saegor_arrival_under_anarchy, layout_loops_ring,
          dreamdust_ecumenical_altar_hidden_monk_grotto
D:2:      layout_loops_cross
D:3:      minmay_goblin_kobold_castle, layout_basic, elyvilon_altar_4

Skill      XL: |  1  2  3  4  5 |
---------------+----------------+-----
Dodging        | 1 |  1.4
Maces & Flails | 3 |  3.5
Armour         | 4 |  4.0
Shields        | 4 |  4.0
Fighting       | |  3.9

Action                     |  1- 3 |  4- 6 || total
---------------------------+-------+-------++-------
  Melee: Flail             |   104 |   150 ||   254
    Use: Scroll            |     1 |       ||     1
         Potion            |       |     2 ||     2
 Armour: Scale mail        |    65 |   151 ||   216
  Dodge: Dodged            |    43 |   132 ||   175
  Block: Buckler           |    21 |    52 ||    73

Table legend: (Time is in decaauts)
 A = Elapsed time spent in this place.
 B = Non-inter-level travel time spent in this place.
 C = Inter-level travel time spent in this place.
 D = Time resting spent in this place.
 E = Time spent auto-exploring this place.
 F = Levels seen in this place.
 G = Mean time per level.
                   A        B        C        D        E       F      G
               +--------+--------+--------+--------+--------+-----+--------+
         Total |   2396 |   2351 |     45 |    164 |   1650 |   3 |  798.7 |
       Dungeon |   2396 |   2351 |     45 |    164 |   1650 |   3 |  798.7 |
               +--------+--------+--------+--------+--------+-----+--------+

Top non-repeatable levels by time:
     D:3: 807 daAuts
     D:2: 795 daAuts
     D:1: 793 daAuts
